 Dungeon Crawl Stone Soup version 0.23.2-1-ga50397a6bc (webtiles) character file.

Game seed: 12268067699727331039

81 MachJacob the Poker (level 4, 0/40 HPs)
             Began as a Draconian Monk on May 7, 2019.
             Slain by an orc priest
             ... wielding a +0 hand axe
              (6 damage)
             ... on level 3 of the Dungeon.
             The game lasted 00:06:55 (1760 turns).

MachJacob the Poker (Draconian Monk)                Turns: 1760, Time: 00:06:55

Health: 0/40       AC:  5    Str: 13    XL:     4   Next: 20%
Magic:  4/4        EV: 13    Int: 10    God:
Gold:   120        SH:  0    Dex: 15    Spells: 3/3 levels left

rFire    . . .     SeeInvis .   a - +0 spear
rCold    . . .     Gourm    .   (no shield)
rNeg     . . .     Faith    .   (armour unavailable)
rPois    .         Spirit   .   (helmet restricted)
rElec    .         Reflect  .   (no cloak)
rCorr    .         Harm     .   (no gloves)
MR       .....                  (no boots)
Stlth    ++........             (no amulet)
HPRegen  0.13/turn              (no ring)
MPRegen  0.09/turn              (no ring)

@: no status effects
A: unfitting armour, cold-blooded, AC +5
a: no special abilities


You were on level 3 of the Dungeon.
You were hungry.

You visited 1 branch of the dungeon, and saw 3 of its levels.

You collected 120 gold pieces.

Inventory:

Hand Weapons
 a - a +0 spear (weapon)
 b - a +0 hunting sling
Missiles
 g - 45 sling bullets
 h - 83 stones (quivered)
Scrolls
 d - 2 scrolls of magic mapping
 e - 2 scrolls of remove curse {unknown}
 f - a scroll of identify {unknown}
 i - a scroll of enchant armour {unknown}
 k - a scroll of blinking {unknown}
 l - a scroll of fear {unknown}
Potions
 m - a potion of lignification {unknown}
 n - a potion of flight {unknown}
Comestibles
 j - 5 rations


   Skills:
 + Level 4.0 Fighting
 * Level 4.1 Polearms
 + Level 3.2 Dodging
 - Level 1.7 Stealth


You had 3 spell levels left.
You didn't know any spells.
Your spell library was empty.

Dungeon Overview and Level Annotations

Branches:
Dungeon (3/15)

Altars:


Innate Abilities, Weirdness & Mutations

Your plain brown scales are hard. (AC +5)
You cannot fit into any form of body armour.
You are cold-blooded and may be slowed by cold attacks.


Message History

The orc priest invokes the aid of Beogh against you.
Pain shoots through your body!
An orc comes into view. It is wielding a +0 club.
You hit the orc priest.
You tail-slap the orc priest, but do no damage.
The orc priest is lightly wounded.
You closely miss the orc priest.
The orc priest is lightly wounded.
The orc priest invokes the aid of Beogh against you.
Beogh smites you!
* * * LOW HITPOINT WARNING * * *
The orc hits you but does no damage.
You hit the orc priest.
Your tail-slap misses the orc priest.
The orc priest is moderately wounded.
The orc priest barely misses you. The orc hits you with a +0 hand axe.
* * * LOW HITPOINT WARNING * * *
You hit the orc priest.
The orc priest is heavily wounded.
The orc priest hits you with a +0 hand axe.
You die...

...# #.###
#......>..#
##.###.#
#.........#
##.#...#
####.######
.....###
#.# .#.###
#.# ##..#
#.# ###.##
#.# #..#
###o# ##.#
#oo@# #.##
#.### #..#
#.# # ##.##
#.# # #..#
#.# # ##.#
#.# # #.#
#o#
######.####
#.#
..........#
#.#


You could see an orc priest and 2 orcs.

Vanquished Creatures
  An orc wizard (D:3)
  2 worms
  2 orcs (D:3)
  A giant cockroach (D:3)
  7 goblins
  6 hobgoblins
  2 quokkas (D:2)
  5 bats
  2 frilled lizards
  7 kobolds
  11 rats
46 creatures vanquished.

Notes
Turn   | Place    | Note
-------+----------+-------------------------------------------
     0 | D:1      | MachJacob the Draconian Monk began the quest for the Orb.
     0 | D:1      | Reached XP level 1. HP: 19/19 MP: 1/1
   309 | D:1      | Reached XP level 2. HP: 21/26 MP: 2/2
   967 | D:2      | Reached XP level 3. HP: 26/31 MP: 3/3
  1754 | D:3      | Reached XP level 4. HP: 27/40 MP: 4/4
  1760 | D:3      | Slain by an orc priest

Skill      XL: |  1  2  3 |
---------------+----------+-----
Dodging        | 3 |  3.2
Fighting       | 4 |  4.0
Polearms       | 4 |  4.1
Stealth        | |  1.7

Action                   |  1- 3 |  4- 6 || total
-------------------------+-------+-------++-------
Melee: Spear             |   178 |     6 ||   184
       Tailslap          |    16 |     1 ||    17
 Fire: Hunting sling     |     4 |       ||     4
Throw: Stone             |     1 |       ||     1
  Use: Scroll            |     1 |       ||     1
 Stab: Sleeping          |     6 |       ||     6
  Eat: Chunk             |     2 |       ||     2
Armor: Skin              |    27 |       ||    27
Dodge: Dodged            |    59 |     1 ||    60
